 Dungeon Crawl Stone Soup version 0.18.1-48-g4cf74bf (webtiles) character file.

196 Heedrag the Conjurer (level 5, -2/28 HPs)
             Began as a Deep Elf Conjurer on July 28, 2016.
             Slain by a worker ant (6 damage)
             ... on level 5 of the Dungeon.
             The game lasted 00:04:24 (1928 turns).

Heedrag the Conjurer (Deep Elf Conjurer)            Turns: 1928, Time: 00:04:25

Health: -2/28      AC:  2    Str:  6    XL:     5   Next: 46%
Magic:  2/14       EV: 13    Int: 20    God:
Gold:   82         SH:  0    Dex: 15    Spells: 3 memorised, 6 levels left

rFire  . . .     SeeInvis .     v - +1 dagger (elec)
rCold  . . .     Gourm    .     a - +0 robe
rNeg   . . .     Faith    .     (no shield)
rPois  .         Spirit   .     (no helmet)
rElec  .         Dismiss  +     (no cloak)
rCorr  .         Reflect  .     (no gloves)
SustAt .         Harm     .     (no boots)
MR     .....                    g - amulet of dismissal
Stlth  +++.......               k - ring of stealth
                                s - ring of flight

@: very slightly contaminated, not resistant to hostile enchantments, fairly
stealthy
A: no striking features
a: Evoke Flight


You were on level 5 of the Dungeon.
You were not hungry.

You visited 1 branch of the dungeon, and saw 5 of its levels.

You collected 82 gold pieces.

Inventory:

Hand Weapons
 v - a +1 dagger of electrocution (weapon)
Armour
 a - a +0 robe (worn)
Jewellery
 g - an amulet of dismissal (around neck)
 k - a ring of stealth (right hand)
 n - an uncursed ring of poison resistance
 s - a ring of flight (left hand)
Scrolls
 d - 5 scrolls of identify {unknown}
 i - 2 scrolls of teleportation {unknown}
 m - 2 scrolls of enchant armour {unknown}
 o - 2 scrolls of remove curse {unknown}
 u - 3 scrolls of amnesia {unknown}
Potions
 e - a potion of degeneration {unknown}
 f - 2 potions of curing {unknown}
 h - a potion of haste {unknown}
 j - a potion of resistance {unknown}
 r - a potion of brilliance {unknown}
 t - a potion of berserk rage {unknown}
 x - a potion of agility {unknown}
 z - a potion of lignification {unknown}
Books
 b - a book of Conjurations

   Spells                             Type                      Level
   a - Magic Dart                     Conjuration                  1
   b - Searing Ray                    Conjuration                  2
   c - Dazzling Spray                 Conjuration/Hexes            3
   d - Fulminant Prism                Conjuration/Hexes            4
   e - Iskenderun's Mystic Blast      Conjuration                  4
   f - Iskenderun's Battlesphere      Conjuration/Charms           5
Comestibles
 c - 3 bread rations
 l - a slice of pizza
 p - 2 chunks of flesh
 q - a meat ration
 w - a beef jerky


   Skills:
 - Level 2.4 Dodging
 - Level 2.4 Stealth
 + Level 5.0 Spellcasting
 * Level 6.6 Conjurations


You had 6 spell levels left.
You knew the following spells:

 Your Spells              Type           Power        Failure   Level  Hunger
a - Magic Dart            Conj           ####         1%          1    None
b - Dazzling Spray        Conj/Hex       ###...       10%         3    ##.....
c - Iskenderun's Mystic   Conj           ####....     10%         4    ####...


Dungeon Overview and Level Annotations

Branches:
Dungeon (5/15)
 Temple: D:4-7

Altars:

Annotations:
D:4 Edmund


Message History

Ye be very lightly contaminated wit' residual magic.
Nuthin' appears ta happ'n.
Castin': Dazzlin' Spray Confirm wit' . or Enter, or press ? or * ta list all spells.
Aimin': Dazzlin' Spray
Press: ? - help, Shift-Dir - straight line, f/p - worker ant
Aim: a worker ant Tha spray o' energy hits tha worker ant.
Tha worker ant be moderately wounded.
Tha worker ant be dazzled.
Tha worker ant bites ye!
* * * LOW HITPOINT WARNIN'
* * * Castin': Dazzlin' Spray Confirm wit' . or Enter, or press ? or * ta list all spells.
Aimin': Magic Dart
Press: ? - help, Shift-Dir - straight line, f/p - worker ant
Aim: a worker ant (moderately wounded, blind) Tha magic dart hits tha worker ant.
Tha worker ant be heavily wounded.
Tha worker ant bites ye.
Ye die...

#..###
#....#
..#.#
.....
#.#.#
#.#.#
#a#<#####
#@†.....#
###.###.#
#.# ..#
.## . #.


You could see a worker ant (blind).

Vanquished Creatures
  2 hounds
  2 worker ants (D:4)
  3 adders
  An ooze (D:2)
  A dart slug (D:2)
  4 giant geckos
  An orc (D:4)
  A bat (D:3)
  3 giant cockroaches
  8 goblins
  3 hobgoblins
  4 jackals (D:2)
  A quokka (D:5)
  2 ball pythons
  2 giant newts
  5 kobolds
  4 rats
47 creatures vanquished.

Vanquished Creatures (others)
  A bat (D:1)
1 creature vanquished.

Grand Total: 48 creatures vanquished

Notes
Turn   | Place    | Note
--------------------------------------------------------------
     0 | D:1      | Heedrag the Deep Elf Conjurer began the quest for the Orb.
     0 | D:1      | Reached XP level 1. HP: 10/10 MP: 6/6
   418 | D:1      | Reached XP level 2. HP: 15/15 MP: 5/8
   649 | D:2      | Reached skill level 5 in Conjurations
   832 | D:2      | Reached XP level 3. HP: 19/19 MP: 2/10
   837 | D:2      | Learned a level 3 spell: Dazzling Spray
  1589 | D:4      | Reached XP level 4. HP: 24/24 MP: 8/12
  1647 | D:4      | Reached skill level 6 in Conjurations
  1659 | D:4      | Learned a level 4 spell: Iskenderun's Mystic Blast
  1760 | D:4      | Reached XP level 5. HP: 24/28 MP: 2/14
  1902 | D:4      | Noticed Edmund
  1918 | D:5      | Entered Level 5 of the Dungeon
  1921 | D:5      | Reached skill level 5 in Spellcasting
  1928 | D:5      | Slain by a worker ant

Skill      XL: |  1  2  3  4  5 |
---------------+----------------+-----
Conjurations   | 5 6 |  6.6
Spellcasting   | 4 5 |  5.0
Dodging        | |  2.4
Stealth        | |  2.4

Action                   |  1- 3 |  4- 6 || total
-------------------------+-------+-------++-------
Melee: Unarmed           |     5 |       ||     5
       Dagger            |       |     7 ||     7
 Cast: Magic Dart        |    71 |    41 ||   112
       Dazzling Spray    |       |     1 ||     1
  Eat: Chunk             |     2 |     1 ||     3
Armor: Robe              |     3 |     4 ||     7
Dodge: Dodged            |    10 |    22 ||    32
